 Dungeon Crawl Stone Soup version 0.19.1-1-g22dce08 (webtiles) character file.

11835 feelfoeel the Slicer (level 11, -3/83 HPs)
             Began as a Demonspawn Wanderer on Jan 7, 2017.
             Was an Elder of Okawaru.
             Succumbed to barbed spike wounds
             ... on level 13 of the Dungeon.
             The game lasted 01:37:12 (14824 turns).

feelfoeel the Slicer (Demonspawn Wanderer)         Turns: 14824, Time: 01:37:13

Health: -3/83      AC: 19    Str: 24    XL:     11   Next: 54%
Magic:  21/21      EV:  8    Int: 15    God:    Okawaru [****..]
Gold:   975        SH: 17    Dex: 13    Spells: 0 memorised, 10 levels left

rFire  + . .     SeeInvis .     D - +3 short sword "Robatuna" {pierce, rF+ MP+9 Str+4}
rCold  + + .     Gourm    .     m - +0 chain mail
rNeg   . . .     Faith    .     O - +0 large shield
rPois  .         Spirit   .     p - +2 hat
rElec  .         Reflect  .     u - +1 cloak
rCorr  .         Harm     .     T - +0 pair of gloves "Waprauzy" {rF+ rC+ MR+ Str+4}
MR     +....     Rnd*Tele +     (no boots)
Stlth  ..........               (no amulet)
                                K - ring of stealth
                                C - ring of ice

@: flayed, barbed spikes
A: claws 1, hooves 2, molten scales 2, blink, powered by death 1, powered by
pain 3, strong 1, teleportitis 1
a: Blink, Heroism, Renounce Religion


You were on level 13 of the Dungeon.
You worshipped Okawaru.
Okawaru was greatly pleased with you.
You were near starving.

You visited 3 branches of the dungeon, and saw 14 of its levels.
You also visited: Bailey.

You collected 975 gold pieces.

Inventory:

Hand Weapons
 D - the +3 short sword "Robatuna" (weapon) {pierce, rF+ MP+9 Str+4}
   (You found it in a bailey)

   It inflicts extra damage upon your enemies.
   It affects your strength (+4).
   It protects you from fire.
   It affects your magic capacity (+9).
 U - the +8 long sword of Judgement {pain, rN+ Str-2 Stlth+}
   (You found it on level 1 of the Lair of Beasts)

   In the hands of one skilled in necromantic magic, it inflicts extra damage on
   living creatures.
   It affects your strength (-2).
   It protects you from negative energy.
   It makes you more stealthy.
Missiles
 e - 47 tomahawks of returning (quivered)
 S - 7 tomahawks of dispersal
Armour
 m - a +0 chain mail (worn)
 p - a +2 hat (worn)
 u - a +1 cloak (worn)
 y - a +0 shield
 O - a +0 large shield (worn)
 T - the +0 pair of gloves "Waprauzy" (worn) {rF+ rC+ MR+ Str+4}
   (You found it on level 1 of the Lair of Beasts)

   It affects your strength (+4).
   It protects you from fire.
   It protects you from cold.
   It affects your resistance to hostile enchantments.
Jewellery
 b - a +1 ring of protection
 C - a ring of ice (left hand)
 K - a ring of stealth (right hand)
Wands
 c - a wand of random effects (5/48)
 j - a wand of iceblast (10/15)
 F - a wand of paralysis (9/24)
 H - a wand of digging (0/24)
 I - a wand of hasting (1/9)
 N - a wand of lightning (2/15)
 P - a wand of flame (24/48)
 R - a wand of enslavement (9/24)
Scrolls
 d - a scroll of recharging {unknown}
 g - 2 scrolls of identify
 k - 6 scrolls of remove curse
 o - a scroll of amnesia
 s - a scroll of enchant weapon
 w - a scroll of immolation
 z - 2 scrolls of enchant armour
 B - a scroll of fear {unknown}
 E - a scroll of blinking {unknown}
Potions
 l - a potion of haste {unknown}
 n - 3 potions of lignification
 r - 5 potions of brilliance
 v - 2 potions of cure mutation {unknown}
 A - 2 potions of ambrosia {unknown}
 J - 2 potions of mutation
Books
 h - a book of Maledictions

   Spells                             Type                      Level
   a - Corona                         Hexes                        1
   b - Ensorcelled Hibernation        Hexes/Ice                    2
   c - Confuse                        Hexes                        3
   d - Tukima's Dance                 Hexes                        3
   e - Dazzling Spray                 Conjuration/Hexes            3
 L - a book of Clouds

   Spells                             Type                      Level
   a - Mephitic Cloud                 Conjuration/Poison/Air       3
   b - Conjure Flame                  Conjuration/Fire             3
   c - Poisonous Cloud                Conjuration/Poison/Air       6
   d - Freezing Cloud                 Conjuration/Ice/Air          6
   e - Ring of Flames                 Charms/Fire                  7
 V - a book of Frost

   Spells                             Type                      Level
   a - Freeze                         Ice                          1
   b - Throw Frost                    Conjuration/Ice              2
   c - Ozocubu's Armour               Charms/Ice                   3
   d - Throw Icicle                   Conjuration/Ice              4
   e - Summon Ice Beast               Ice/Summoning                4
Miscellaneous
 Q - 2 phantom mirrors
Comestibles
 f - 10 bread rations
 q - 6 fruits
 x - 3 meat rations
 M - 7 royal jellies


   Skills:
 + Level 6.4 Fighting
 + Level 8.6 Short Blades
   Level 0.3 Maces & Flails
 + Level 5.6 Throwing
 + Level 7.1 Armour
 + Level 6.0 Dodging
 + Level 1.8 Stealth
 + Level 8.2 Shields
 + Level 1.0 Unarmed Combat
 + Level 1.5 Invocations
 + Level 2.2 Evocations


You had 10 spell levels left.
You didn't know any spells.

Dungeon Overview and Level Annotations

Branches:
Dungeon (13/15)            Temple (1/1) D:6            Lair (1/6) D:9
    Orc: D:9-12      Vaults: D:13-14

Altars:
Ashenzari
Cheibriados
Dithmenos
Elyvilon
Fedhas
Gozag
Hepliaklqana
Kikubaaqudgha
Makhleb
Nemelex Xobeh
Okawaru
Qazlal
Ru
Sif Muna
Trog
Uskayaw
Vehumet
Xom
Yredelemnul
Zin
The Shining One

Shops:
D:5 %   D:6 }   D:8 :

Annotations:
D:4 Elstachio, Eustachio


Innate Abilities, Weirdness & Mutations

You have hoof-like feet.
You are mostly covered in molten scales. (AC +3)
You regenerate a little health from kills.
You are powered by pain.
You have sharp fingernails.
You can translocate small distances at will.
Your muscles are strong. (Str +2)
You are occasionally teleported next to monsters.


Message History

A wolf spider comes into view.
A slime creature and an ugly thing come into view.
There is an open door, spattered with blood here.
You blink.
You feel slightly more hungry.
Found 30 gold pieces.
The barbed spikes dig painfully into your body as you move.
* * * LOW HITPOINT WARNING * * *
You open the door.
A crystal guardian comes into view.
The slime creature quivers.
You block the hornet's attack.
Found a weird smoking rod.
The barbed spikes dig painfully into your body as you move.
* * * LOW HITPOINT WARNING * * *
3 crystal guardians come into view.
There is an open door here.
You blink.
You feel slightly more hungry.
A crystal guardian comes into view.
The barbed spikes dig painfully into your body as you move.
You die...

###################
#......@##.......(##
..#####..#......##.#.<
##..8##.#....##.#c#..
#..8.8#y#.###..#.R#..#
#..\.8#.s#...#.#.W#...
#....8#.#.###.#.W.#...#
##...##.##s.#.#...# #..
^##.##..#.#.#.#H..# #..
..##$ #H#.D..# #..


You could see 3 crystal guardians, a wolf spider and a hornet.

Vanquished Creatures
  Harold (D:10)
  Pikel (D:7)
  An orc knight (Bailey)
  A spiny frog (Lair:1)
  Joseph (D:10)
  A queen bee (D:8)
  A troll (D:9)
  2 hornets
  2 wyverns
  6 yaks (Lair:1)
  Menkaure (D:5)
  Duvessa (D:4)
  2 water moccasins
  2 ice beasts
  3 porcupines
  4 sky beasts
  A slave (D:7)
  5 orc warriors
  A necrophage (D:9)
  8 phantoms
  A black bear (D:8)
  7 ogres
  The ghost of TheTruth the Skirmisher, an amateur HuWn (D:3)
  8 centaurs
  A crocodile (Lair:1)
  2 big kobolds
  7 bullfrogs
  A wyvern zombie (D:5)
  Dowan (D:4)
  4 scorpions
  16 killer bees
  5 howler monkeys
  A centaur zombie (D:8)
  A bullfrog zombie (D:6)
  4 crimson imps
  3 jellies
  5 hounds
  A centaur skeleton (D:9)
  5 orc priests
  2 bullfrog skeletons (D:5)
  6 iguanas
  7 orc wizards
  Natasha (thrice) (D:3)
  6 worker ants
  2 hell rats (D:9)
  3 hound skeletons
  A hound zombie (D:5)
  7 gnolls
  9 adders
  2 river rats (D:9)
  2 shadow imps
  4 worms
  A dart slug (D:1)
  8 leopard geckos
  38 orcs
  9 bats
  4 giant cockroaches
  18 goblins
  16 hobgoblins
  6 jackals
  35 kobolds
  4 quokkas
  A ball python (D:3)
  4 frilled lizards
  A leopard gecko skeleton (D:6)
  6 rats
324 creatures vanquished.

Vanquished Creatures (collateral kills)
  A giant cockroach (D:2)
  A rat (D:2)
2 creatures vanquished.

Vanquished Creatures (others)
  Prince Ribbit (D:7)
1 creature vanquished.

Grand Total: 327 creatures vanquished

Notes
Turn   | Place    | Note
-------+----------+-------------------------------------------
     0 | D:1      | feelfoeel the Demonspawn Wanderer began the quest for the Orb.
     0 | D:1      | feelfoeel set off with: a +2 leather armour, a scroll of teleportation, a wand of random effects (15/48), a +0 club, a bread ration
     0 | D:1      | Reached XP level 1. HP: 16/16 MP: 1/1
   203 | D:1      | Gained mutation: You sometimes gain a little power by taking damage. [demonic ancestry]
   203 | D:1      | Reached XP level 2. HP: 6/22 MP: 2/2
  1057 | D:1      | Gained mutation: You have large cloven feet. [demonic ancestry]
  1057 | D:1      | Reached XP level 3. HP: 22/27 MP: 3/3
  1895 | D:2      | Reached skill level 1 in Armour
  2511 | D:2      | Reached skill level 1 in Short Blades
  2511 | D:2      | Gained mutation: You regenerate a little health from kills. [demonic ancestry]
  2511 | D:2      | Reached XP level 4. HP: 34/34 MP: 4/4
  2757 | D:3      | Noticed TheTruth's ghost (amateur HuWn)
  2777 | D:3      | Gained mutation: You have sharp fingernails. [potion of beneficial mutation]
  2816 | D:3      | Killed TheTruth's ghost
  2816 | D:3      | Reached XP level 5. HP: 8/39 MP: 5/5
  3531 | D:3      | Noticed Natasha
  3561 | D:3      | Killed Natasha
  3732 | D:3      | Gained mutation: You sometimes gain power by taking damage. [demonic ancestry]
  3732 | D:3      | Reached XP level 6. HP: 15/46 MP: 6/6
  3867 | D:3      | Noticed Natasha
  3881 | D:3      | Killed Natasha
  3896 | D:3      | Noticed Natasha
  3908 | D:3      | Killed Natasha
  4155 | D:4      | Reached skill level 1 in Shields
  4364 | D:4      | Noticed Eustachio
  4695 | D:4      | Gained mutation: You are powered by pain. [demonic ancestry]
  4695 | D:4      | Reached XP level 7. HP: 49/52 MP: 7/7
  4946 | D:5      | Entered Level 5 of the Dungeon
  5024 | D:5      | Noticed Dowan
  5029 | D:5      | Noticed Duvessa
  5390 | D:5      | Noticed Menkaure
  5836 | D:5      | Killed Menkaure
  5850 | D:5      | Reached XP level 8. HP: 45/60 MP: 9/9
  5962 | D:5      | Found Saigruli's Food Shop.
  6577 | D:4      | Killed Duvessa
  6586 | D:4      | Killed Dowan
  6906 | D:6      | Gained mutation: Your muscles are strong. (Str +2) [potion of beneficial mutation]
  6946 | D:5      | Reached skill level 5 in Dodging
  7290 | D:6      | Reached skill level 5 in Short Blades
  7347 | D:6      | Reached XP level 9. HP: 59/66 MP: 10/10
  7358 | D:6      | Found a basalt altar of Yredelemnul.
  7647 | D:6      | Found a staircase to the Ecumenical Temple.
  7681 | Temple   | Entered the Ecumenical Temple
  7721 | Temple   | Became a worshipper of Warmaster Okawaru
  7875 | D:6      | Found Toquesae's Gadget Shop.
  8327 | D:7      | Found a white marble altar of Elyvilon.
  8327 | D:7      | Found a radiant altar of Vehumet.
  8327 | D:7      | Found a sacrificial altar of Ru.
  8327 | D:7      | Found a shimmering altar of Xom.
  8693 | D:7      | Reached skill level 5 in Armour
  8700 | D:7      | Reached skill level 5 in Shields
  8736 | D:7      | Reached * piety under Okawaru
  8754 | D:7      | Reached skill level 5 in Fighting
  9038 | D:7      | Noticed Pikel
  9168 | D:7      | Killed Pikel
  9181 | D:7      | Noticed Prince Ribbit
  9244 | D:7      | Killed Prince Ribbit
  9244 | D:7      | Gained mutation: You are partially covered in molten scales. (AC +2) [demonic ancestry]
  9244 | D:7      | Reached XP level 10. HP: 32/74 MP: 11/11
  9785 | D:8      | Found Gocaz's Book Emporium.
  9987 | D:8      | Reached ** piety under Okawaru
 12007 | D:9      | Found a staircase to the Lair.
 12246 | D:9      | Found a flagged portal.
 12281 | Bailey   | Entered a bailey
 12359 | Bailey   | Noticed an orc knight
 12373 | Bailey   | Gained mutation: You can translocate small distances at will. [potion of mutation]
 12373 | Bailey   | Gained mutation: You are mostly covered in molten scales. (AC +3) [potion of mutation]
 12373 | Bailey   | Gained mutation: You are occasionally teleported next to monsters. [potion of mutation]
 12386 | Bailey   | Killed an orc knight
 12409 | Bailey   | Got an ivory short sword
 12410 | Bailey   | Identified the +3 short sword "Robatuna" {pierce, rF+ MP+9 Str+4} (You found it in a bailey)
 12612 | D:9      | Reached *** piety under Okawaru
 12637 | D:9      | Gained mutation: You have hoof-like feet. [demonic ancestry]
 12637 | D:9      | Reached XP level 11. HP: 69/81 MP: 12/12
 12879 | D:9      | Found a sparkling altar of Nemelex Xobeh.
 13184 | D:9      | Reached skill level 5 in Throwing
 13342 | Lair:1   | Entered Level 1 of the Lair of Beasts
 13379 | Lair:1   | Reached skill level 1 in Invocations
 13402 | Lair:1   | Received a gift from Okawaru
 13863 | Lair:1   | Got a pair of bloodstained gloves
 13868 | Lair:1   | Got an ancient long sword
 13869 | Lair:1   | Identified the +8 long sword of Judgement {pain, rN+ Str-2 Stlth+} (You found it on level 1 of the Lair of Beasts)
 13875 | Lair:1   | Identified the +0 pair of gloves "Waprauzy" {rF+ rC+ MR+ Str+4} (You found it on level 1 of the Lair of Beasts)
 14049 | Lair:1   | Noticed a seven-headed hydra
 14123 | D:10     | Entered Level 10 of the Dungeon
 14184 | D:10     | Noticed Joseph
 14201 | D:10     | Noticed Harold
 14230 | D:10     | Killed Joseph
 14239 | D:10     | Killed Harold
 14239 | D:10     | Reached **** piety under Okawaru
 14486 | D:10     | You fall through a shaft for 2 floors!
 14495 | D:12     | Paralysed by a hornet for 1 turns
 14503 | D:12     | Paralysed by a hornet for 1 turns
 14534 | D:12     | HP: 4/83 [poisoned by a hornet]
 14540 | D:12     | HP: 4/83 [poisoned by a hornet]
 14548 | D:12     | HP: 4/83 [poisoned by a hornet]
 14809 | D:13     | Noticed a rakshasa
 14809 | D:13     | Noticed a flayed ghost
 14812 | D:13     | Noticed an eight-headed hydra
 14818 | D:13     | Noticed a wolf spider
 14819 | D:13     | Noticed a brown ugly thing
 14821 | D:13     | Noticed a crystal guardian
 14822 | D:13     | Noticed a crystal guardian
 14822 | D:13     | Noticed a crystal guardian
 14822 | D:13     | Noticed a crystal guardian
 14823 | D:13     | Noticed a crystal guardian
 14824 | D:13     | Succumbed to barbed spike wounds

Skill      XL: |  1  2  3  4  5  6  7  8  9 10 11 |
---------------+----------------------------------+-----
Dodging        | 4 5 6 |  6.0
Armour         | 1 2 3 4 5 6 7 |  7.1
Short Blades   | 1 2 3 4 5 6 7 8 |  8.6
Fighting       | 3 4 5 6 |  6.4
Throwing       | 2 3 4 5 |  5.6
Shields        | 1 2 4 5 7 8 |  8.2
Evocations     | 2 |  2.2
Invocations    | 1 |  1.5
Maces & Flails | |  0.3
Stealth        | |  1.8
Unarmed Combat | |  1.0

Action                   |  1- 3 |  4- 6 |  7- 9 | 10-12 || total
-------------------------+-------+-------+-------+-------++-------
Melee: Club              |    20 |       |       |       ||    20
       Short sword       |    99 |       |       |   310 ||   409
       Dagger            |   106 |   373 |   907 |   798 ||  2184
       Kick              |    20 |    95 |   253 |   325 ||   693
Throw: Stone             |     1 |    70 |   121 |    43 ||   235
       Tomahawk          |       |       |       |    87 ||    87
Invok: Heroism           |       |       |     2 |    24 ||    26
 Abil: Blink             |       |       |       |     8 ||     8
Evoke: Wand              |     1 |     3 |     4 |    10 ||    18
  Use: Scroll            |     1 |     2 |     2 |    10 ||    15
       Potion            |       |     2 |     4 |     5 ||    11
 Stab: Sleeping          |     1 |       |       |       ||     1
       Distracted        |       |       |     1 |       ||     1
       Paralysed         |       |       |       |     1 ||     1
  Eat: Meat ration       |     1 |       |       |       ||     1
       Chunk             |       |     7 |    10 |    12 ||    29
       Bread ration      |       |       |     1 |     1 ||     2
       Pizza             |       |       |     1 |     1 ||     2
       Fruit             |       |       |       |     1 ||     1
Armor: Leather armour    |    27 |       |       |       ||    27
       Chain mail        |    67 |   234 |   327 |   367 ||   995
       Skin              |       |     2 |       |       ||     2
Dodge: Dodged            |   107 |   104 |   141 |   222 ||   574
Block: Buckler           |     4 |    16 |       |       ||    20
       Shield            |       |    68 |   284 |   234 ||   586
       Large shield      |       |       |       |   463 ||   463
